 Dungeon Crawl Stone Soup version 0.26-a0-613-g4f23886233 (webtiles) character file.

Game seed: 7673589198525410172

536 DogServant the Magician (level 7, -2/39 HPs)
             Began as a Deep Elf Hedge Wizard on Sept 11, 2020.
             Slain by Menkaure (18 damage)
             ... on level 5 of the Dungeon.
             The game lasted 00:20:28 (6603 turns).

DogServant the Magician (Deep Elf Hedge Wizard)     Turns: 6603, Time: 00:20:29

Health: -2/39      AC:  3    Str:  7    XL:     7   Next: 4%
Magic:  1/18       EV: 14    Int: 21    God:
Gold:   173        SH:  0    Dex: 14    Spells: 11/18 levels left

rFire    . . .     SeeInvis .   a - +0 dagger
rCold    . . .     Faith    .   (no shield)
rNeg     . . .     Spirit   .   b - +0 robe
rPois    .         Reflect  .   c - +1 hat
rElec    .         Harm     .   (no cloak)
rCorr    .                      (no gloves)
MR       .....                  (no boots)
Stlth    ++........             (no amulet)
HPRegen  0.13/turn              (no ring)
MPRegen  0.16/turn              (no ring)

@: no status effects
A: no striking features
a: no special abilities


You were on level 5 of the Dungeon.
You visited 1 branch of the dungeon, and saw 5 of its levels.

You collected 173 gold pieces.

Inventory:

Hand Weapons
 a - a +0 dagger (weapon)
 j - a +1 dagger of draining
Armour
 b - a +0 robe (worn)
 c - a +1 hat (worn)
Jewellery
 g - an uncursed ring of positive energy {unknown}
 q - a cursed ring of protection from cold {unknown}
Wands
 o - a wand of random effects (19)
Scrolls
 f - a scroll of remove curse
 n - 7 scrolls of identify
 p - 2 scrolls of teleportation {unknown}
Potions
 d - 2 potions of heal wounds
 e - a potion of might {unknown}
 h - a potion of stabbing {unknown}
 i - a potion of berserk rage {unknown}
 k - a potion of mutation {unknown}
 m - a potion of degeneration {unknown}


   Skills:
 - Level 1.7 Fighting
 - Level 4.1 Dodging
 - Level 2.5 Stealth
 + Level 6.4 Spellcasting
 * Level 4.0 Conjurations
 + Level 2.8 Summonings
 + Level 3.0 Translocations


You had 11 spell levels left.
You knew the following spells:

 Your Spells              Type           Power        Failure   Level
a - Magic Dart            Conj           ###.         1%          1
b - Blink                 Tloc           N/A          4%          2
c - Call Imp              Summ           ###.....     4%          2
d - Slow                  Hex            #.......     14%         2

Your spell library contained the following spells:

 Spells                   Type           Power        Failure   Level
 Conjure Flame            Conj/Fire      ###.....     12%         3
 Mephitic Cloud           Conj/Pois/Air  ##......     16%         3


Dungeon Overview and Level Annotations

Branches:
Dungeon (5/15)
 Temple: D:4-7

Altars:
Qazlal

Annotations:
D:5 Menkaure


Message History

Aim: Menkaure (heavily damaged, fast)
The magic dart hits Menkaure.
Menkaure is severely damaged.
Menkaure calls on the powers of darkness!
Your body is wracked with pain!
There is a stone staircase leading up here.
Casting: Magic Dart (safe; 1% risk of failure)
Confirm with . or Enter, or press ? or * to list all spells.
Aiming: Magic Dart (safe; 1% risk of failure)
Press: ? - help, Shift-Dir - straight line, f/p - Menkaure
Aim: Menkaure (severely damaged, fast)
The magic dart hits Menkaure.
Menkaure is severely damaged.
Menkaure sighs, "From dust you came, to dust you will return."
Your crimson imp disappears in a puff of smoke!
Menkaure closely misses you.
Things that are here:
a +0 dagger; a +0 robe; an orc corpse Menkaure hits you!!
You die...

### ### ### ##.##
##.#######.##
##.#.####..5.M....#.#
#.###......#######.##
#..#.####### #.# #.#.##
######.# #.### #.@M)..#
#5# #.####.# #M#
#.####.#
###.###########.##.<.#
#...ยง.5.#.....#.##.#.#
#.#.###.#.....#.##.#.#
#.#.# .#.....#......# #
#.. .........###.##
##.# .........# .#


You could see Menkaure (fast).

Vanquished Creatures
  An ogre (D:4)
  A phantom (D:4)
  3 orc priests (D:4)
  4 orc wizards
  An iguana (D:4)
  A worker ant (D:4)
  A hound skeleton (D:2)
  3 adders
  An ooze (D:4)
  A worm (D:2)
  3 dart slugs
  2 leopard geckos
  13 orcs
  A bat skeleton (D:2)
  9 giant cockroaches
  5 goblins
  3 hobgoblins
  3 jackals (D:3)
  2 quokkas (D:4)
  A ball python zombie (D:2)
  7 bats
  5 frilled lizards
  A jackal skeleton (D:2)
  6 kobolds
  A leopard gecko skeleton (D:5)
  A quokka skeleton (D:4)
  8 rats
88 creatures vanquished.

Vanquished Creatures (collateral kills)
  An orc priest (D:5)
  A worker ant (D:4)
  A worm (D:2)
  2 orcs (D:3)
  A goblin (D:1)
  A jackal skeleton (D:4)
  A rat (D:1)
8 creatures vanquished.

Vanquished Creatures (others)
  A withered plant (D:2)
1 creature vanquished.

Grand Total: 97 creatures vanquished

Notes
Turn   | Place    | Note
-------+----------+-------------------------------------------
     0 | D:1      | DogServant the Deep Elf Hedge Wizard began the quest for
                  | the Orb.
     0 | D:1      | Reached XP level 1. HP: 10/10 MP: 7/7
   354 | D:1      | Reached XP level 2. HP: 15/15 MP: 4/9
   507 | D:1      | Learned a level 2 spell: Blink
   510 | D:1      | Learned a level 2 spell: Call Imp
   620 | D:1      | Reached skill level 5 in Spellcasting
  1459 | D:2      | Reached XP level 3. HP: 20/20 MP: 4/11
  1664 | D:2      | Learned a level 2 spell: Slow
  1916 | D:2      | Reached skill level 1 in Fighting
  2271 | D:2      | Reached XP level 4. HP: 25/25 MP: 6/13
  2823 | D:3      | Found a stormy altar of Qazlal.
  3601 | D:4      | Noticed an ogre
  3793 | D:4      | Killed an ogre
  3793 | D:4      | Reached XP level 5. HP: 18/29 MP: 5/15
  4424 | D:4      | Reached skill level 6 in Spellcasting
  4842 | D:4      | Noticed a phantom
  4858 | D:4      | Reached XP level 6. HP: 24/35 MP: 3/17
  6343 | D:5      | Entered Level 5 of the Dungeon
  6356 | D:5      | Noticed Menkaure
  6396 | D:5      | Reached XP level 7. HP: 26/39 MP: 5/18
  6603 | D:5      | Slain by Menkaure

Illustrated notes

Levels and vault maps discovered:
D:1:      minmay_arrival_jagged, layout_basic, serial_forest,
          infiniplex_forest_lined_room_2, infiniplex_forest_lined_corner,
          infiniplex_forest_lined_2, infiniplex_forest_lined_4_way,
          infiniplex_forest_lined_room_2, infiniplex_forest_clump_tiny,
          infiniplex_forest_3_way
D:2:      cheibrodos_helix_gallery, layout_rooms, serial_undead,
          serial_undead_f, serial_undead_a, serial_undead_e, serial_undead_f
D:3:      layout_basic, grunt_qazlal_sundering
D:4:      layout_basic
D:5:      layout_loops_cross, minmay_temple_entry_drinking_statues, uniq_edmund,
          uniq_menkaure, uniq_pikel

Skill      XL: |  1  2  3  4  5  6  7 |
---------------+----------------------+-----
Spellcasting   | 5 6 |  6.4
Dodging        | 3 4 |  4.1
Fighting       | 1 |  1.7
Conjurations   | 2 4 |  4.0
Summonings     | 2 |  2.8
Translocations | 2 3 |  3.0
Stealth        | |  2.5

Action                   |  1- 3 |  4- 6 |  7- 9 || total
-------------------------+-------+-------+-------++-------
Melee: Dagger            |     3 |    17 |       ||    20
 Cast: Magic Dart        |   121 |   200 |    10 ||   331
       Call Imp          |     7 |    20 |     6 ||    33
       Blink             |     1 |     9 |       ||    10
       Slow              |       |     4 |     4 ||     8
  Use: Scroll            |     2 |     2 |     2 ||     6
       Potion            |       |       |     1 ||     1
Armor: Robe              |    24 |     6 |       ||    30
Dodge: Dodged            |    66 |    54 |     1 ||   121

Table legend: (Time is in decaauts)
 A = Elapsed time spent in this place.
 B = Non-inter-level travel time spent in this place.
 C = Inter-level travel time spent in this place.
 D = Time resting spent in this place.
 E = Time spent auto-exploring this place.
 F = Levels seen in this place.
 G = Mean time per level.
                   A        B        C        D        E       F      G
               +--------+--------+--------+--------+--------+-----+--------+
         Total |   6610 |   6378 |    232 |   1906 |   3573 |   5 | 1322.0 |
       Dungeon |   6610 |   6378 |    232 |   1906 |   3573 |   5 | 1322.0 |
               +--------+--------+--------+--------+--------+-----+--------+

Top non-repeatable levels by time:
     D:4: 2043 daAuts
     D:3: 1714 daAuts
     D:1: 1400 daAuts
     D:2: 1191 daAuts
     D:5: 259 daAuts
